 Dungeon Crawl Stone Soup version 0.21.1-1-g345015f (webtiles) character file.

110 inc the Chiller (level 4, 40/40 HPs)
             Began as an Octopode Ice Elementalist on Mar 16, 2018.
             Quit the game on level 4 of the Dungeon.
             The game lasted 00:03:09 (2012 turns).

inc the Chiller (Octopode Ice Elementalist)         Turns: 2012, Time: 00:03:10

Health: 40/40      AC: 22    Str:  7    XL:     4   Next: 91%
Magic:  7/7        EV:  2    Int: 18    God:
Gold:   17         SH:  0    Dex: 12    Spells: 6/7 levels left

rFire    . . .     SeeInvis .   (no weapon)
rCold    . . .     Gourm    .   (no shield)
rNeg     + + +     Faith    .   (helmet currently unavailable)
rPois    +         Spirit   .   j - amulet of rage
rElec    .         Reflect  .   (no ring)
rCorr    .         Harm     .   h - ring of stealth
MR       .....     NoTele   +   (no ring)
Stlth    +++.......             (no ring)
HPRegen  0.13/turn              (no ring)
MPRegen  0.10/turn              (no ring)
                                (no ring)
                                (no ring)

@: tree-form, hasted, very quick
A: almost no armour, stealthy swim, (amphibious), 8 rings, (constrict 8)
a: Evoke Berserk Rage


You were on level 4 of the Dungeon.
You were very hungry.
You were a tree.
You visited 2 branches of the dungeon, and saw 5 of its levels.

You collected 17 gold pieces.

Inventory:

Jewellery
 f - an uncursed ring of fire
 h - a ring of stealth (right branch)
 j - an amulet of rage (around neck)
Scrolls
 d - a scroll of remove curse {unknown}
 k - a scroll of teleportation {unknown}
 o - a scroll of fog {unknown}
Potions
 e - a potion of degeneration
Books
 a - a book of Frost

   Spells                             Type                      Level
   a - Freeze                         Ice                          1
   b - Throw Frost                    Conjuration/Ice              2
   c - Ozocubu's Armour               Charms/Ice                   3
   d - Throw Icicle                   Conjuration/Ice              4
   e - Summon Ice Beast               Ice/Summoning                4
Comestibles
 b - 5 rations


   Skills:
 - Level 2.0 Dodging
 - Level 2.6 Stealth
 - Level 2.0 Spellcasting
   Level 1.0 Conjurations
 + Level 5.4 Ice Magic


You had 6 spell levels left.
You knew the following spells:

 Your Spells              Type           Power        Failure   Level  Hunger
a - Freeze                Ice            ###.         1%          1    #......


Dungeon Overview and Level Annotations

Branches:
Dungeon (4/15)             Temple (1/1) D:4

Altars:
Dithmenos
Elyvilon
Fedhas
Hepliaklqana
Makhleb
Nemelex Xobeh
Okawaru
Qazlal
Ru
Sif Muna
Trog
Uskayaw
Vehumet
Wu Jian
Zin
The Shining One


Innate Abilities, Weirdness & Mutations

You cannot wear most types of armour.
You are very stealthy in the water. (Stealth+)
((You are amphibious.))
You can wear up to eight rings at the same time.
((You can use your tentacles to constrict eight enemies at once.))
((Your skin changes colour to match your surroundings (Stealth+).))
((Your rubbery body absorbs attacks. (AC +1, EV +1)))


Message History

You aren't carrying any weapons that can be enchanted.
As you read the scroll labeled SETAUK QEFOAPT, it crumbles to dust.
It is a scroll of identify.
e - a potion of degeneration Put on which piece of jewellery? (? for menu, Esc to quit)
You feel more attuned to fire.
f - a ring of fire (left tentacle) Put on which piece of jewellery? (? for menu, Esc to quit)
h - a ring of stealth (right tentacle) Remove which piece of jewellery? (? for menu, Esc to quit)
You remove your ring of fire.
Put on which piece of jewellery? (? for menu, Esc to quit)
j - an amulet of rage (around mantle) Put on which piece of jewellery? (? for menu, Esc to quit)
Okay, then.
It was a potion of lignification.
You turn into a tree.
Your roots penetrate the ground.
It was a potion of curing.
You feel better.
It was a potion of haste.
You feel yourself speed up.
Are you sure you want to abandon this character and quit the game? (Confirm with "yes".)

#. #####.## .......
#...[. #..... ###+###
#..... # #.....#.#
####..... #. ###.###.#..
......... #.#.'.#♣'.+.#
###..... #...#.###.#.#
#.....
##.##.....#.#######.....
#. ###'###.............
## #.#...............
#.................
###..........#####
..............#
..###..........#


There were no monsters in sight!

Vanquished Creatures
  A hound (D:4)
  3 adders
  2 oozes (D:1)
  A worm (D:2)
  3 dart slugs (D:1)
  A leopard gecko (D:4)
  3 giant cockroaches
  2 goblins
  5 hobgoblins (D:1)
  3 jackals
  A ball python (D:3)
  4 bats
  2 frilled lizards (D:1)
  4 kobolds
  2 rats
37 creatures vanquished.

Notes
Turn   | Place    | Note
-------+----------+-------------------------------------------
     0 | D:1      | inc the Octopode Ice Elementalist began the quest for the Orb.
     0 | D:1      | Reached XP level 1. HP: 11/11 MP: 3/3
   191 | D:1      | Reached XP level 2. HP: 10/17 MP: 0/5
   644 | D:1      | Reached skill level 4 in Ice Magic
   767 | D:1      | Reached XP level 3. HP: 15/21 MP: 6/6
  1462 | D:2      | Reached XP level 4. HP: 18/27 MP: 0/7
  1596 | D:3      | Reached skill level 5 in Ice Magic
  1788 | D:3      | Noticed a centaur
  1837 | D:4      | Found a staircase to the Ecumenical Temple.
  1860 | Temple   | Entered the Ecumenical Temple
  2012 | D:4      | Quit the game

Skill      XL: |  1  2  3  4 |
---------------+-------------+-----
Ice Magic      | 4 5 |  5.4
Dodging        | |  2.0
Stealth        | |  2.6
Spellcasting   | |  2.0
Conjurations   | |  1.0

Action                   |  1- 3 |  4- 6 || total
-------------------------+-------+-------++-------
Melee: Unarmed           |    35 |     3 ||    38
       Tentacles         |     8 |       ||     8
       Constrict         |     7 |     1 ||     8
 Cast: Freeze            |    38 |    17 ||    55
  Use: Potion            |       |     3 ||     3
       Scroll            |       |     2 ||     2
 Stab: Sleeping          |     4 |       ||     4
  Eat: Chunk             |     2 |     1 ||     3
Armor: Skin              |     7 |     2 ||     9
Dodge: Dodged            |    39 |    12 ||    51
